 Dungeon Crawl Stone Soup version 0.28-a0-851-g8b9cc49659 (webtiles) character file.

Game seed: 7785776371007673460

116008 vurker the Cloud Mage (level 16, -1/104 HPs)
             Began as a Tengu Air Elementalist on Nov 14, 2021.
             Was a High Priest of Vehumet.
             Slain by a mana viper (14 damage)
             ... on level 1 of the Snake Pit.
             The game lasted 00:51:45 (36899 turns).

vurker the Cloud Mage (Tengu Air Elementalist)     Turns: 36899, Time: 00:51:45

Health: -1/104     AC: 13    Str:  8    XL:     16   Next: 70%
Magic:  12/46      EV: 17    Int: 22    God:    Vehumet [*****.]
Gold:   1744       SH:  8    Dex: 22    Spells: 23/48 levels left

rFire   + + .      SeeInvis .   b - +8 lance "Wyrmbane" {slay drac, rPois rF+ rC+ AC+3}
rCold   + + .      Faith    .   R - +2 buckler
rNeg    . . .      Spirit   .   M - +1 robe {rC+ rF+}
rPois   +          Reflect  .   w - +0 hat
rElec   .          Harm     .   h - +0 cloak
rCorr   .          Rampage  .   B - +1 pair of gloves
Will    +....                   (boots unavailable)
Stlth   ++........              c - amulet of magic regeneration
HPRegen 0.27/turn               O - ring of Teceulat {MP+9 Dex+6}
MPRegen 0.55/turn               q - +4 ring of protection

@: about to teleport, flying quickly and evasively, quick
A: beak, talons 3, nimble flight
a: Renounce Religion


You were on level 1 of the Snake Pit.
You worshipped Vehumet.
Vehumet was extremely pleased with you.
You visited 4 branches of the dungeon, and saw 24 of its levels.
You also visited: Ossuary.

You collected 2664 gold pieces.
You spent 920 gold pieces at shops.

Inventory:

Hand Weapons
 b - the +8 lance "Wyrmbane" (weapon) {slay drac, rPois rF+ rC+ AC+3}
   (You found it on level 10 of the Dungeon)

   It inflicts extra damage against dragons and draconians.
   AC:        It affects your AC (+3).
   rF:        It protects you from fire.
   rC:        It protects you from cold.
   rPois:     It protects you from poison.
Armour
 h - a +0 cloak (worn)
   (You found it on level 8 of the Dungeon)
 w - a +0 hat (worn)
   (You took it off Gastronok on level 11 of the Dungeon)
 B - a +1 pair of gloves (worn)
   (You found it on level 2 of the Lair of Beasts)
 M - a +1 robe of resistance (worn)
   (You took it off an orc sorcerer on level 1 of the Orcish Mines)
 R - a +2 buckler (worn)
   (You took it off a tengu conjurer on level 15 of the Dungeon)
Magical Staves
 a - a staff of air
   (You found it on level 11 of the Dungeon)
 f - a staff of fire
   (You found it on level 1 of the Lair of Beasts)
 F - a staff of earth
   (You found it on level 11 of the Dungeon)
 I - a staff of death
   (You found it on level 4 of the Lair of Beasts)
Jewellery
 c - an amulet of magic regeneration (around neck)
   (You found it on level 8 of the Dungeon)
 g - a ring of protection from fire
   (You found it on level 3 of the Lair of Beasts)
 q - a +4 ring of protection (right hand)
   (You found it on level 5 of the Dungeon)
 z - a ring of ice
   (You took it off Fannar on level 12 of the Dungeon)
 G - a ring of protection from fire
   (You found it on level 3 of the Lair of Beasts)
 O - the ring of Teceulat (left hand) {MP+9 Dex+6}
   (You bought it in a shop on level 2 of the Orcish Mines)

   [ring of magical power]

   Dex:       It affects your dexterity (+6).
   MP:        It affects your magic capacity (+9).
Wands
 d - a wand of iceblast (8)
   (You found it on level 6 of the Dungeon)
 j - a wand of polymorph (16)
   (You found it on level 2 of the Dungeon)
 s - a wand of mindburst (13)
   (You found it in an ossuary)
 u - a wand of paralysis (15)
   (You took it off Psyche on level 10 of the Dungeon)
 v - a wand of digging (4)
   (You found it in an ossuary)
 x - a wand of acid (5)
   (You found it on level 10 of the Dungeon)
Scrolls
 i - 5 scrolls of amnesia
 l - 2 scrolls of blinking
 m - 5 scrolls of identify
 o - 2 scrolls of immolation
 r - 6 scrolls of fog
 y - 3 scrolls of enchant armour
 A - 11 scrolls of teleportation
 E - a scroll of silence
 L - 10 scrolls of magic mapping
 Q - a scroll of summoning
Potions
 e - 4 potions of cancellation
 k - a potion of brilliance
 n - 7 potions of curing
 p - 2 potions of invisibility
 t - 5 potions of heal wounds
 D - 4 potions of magic
 H - 3 potions of lignification
 J - 2 potions of haste
 K - a potion of resistance
 P - 2 potions of mutation


   Skills:
 + Level 13.1 Fighting
 + Level 3.4 Dodging
 - Level 2.0 Stealth
 - Level 4.0 Shields
 * Level 16.9 Spellcasting
 * Level 6.6 Conjurations
 - Level 23.0 Air Magic


You had 23 spell levels left.
You knew the following spells:

 Your Spells              Type           Power      Damage    Failure   Level
a - Shock                 Conj/Air       100%       1d9       0%          1
b - Lightning Bolt        Conj/Air       35%        1d53      1%          5
c - Airstrike             Air            44%        N/A       0%          4
d - Orb of Destruction    Conj           23%        9d10      38%         7
f - Maxwell's Capacitive  Air            44%        ∞         1%          8

Your spell library contained the following spells:

 Spells                   Type           Power      Damage    Failure   Level
 Static Discharge         Conj/Air       71%        N/A       0%          2
 Swiftness                Air            88%        N/A       0%          3
 Freeze                   Ice            72%        1d9       1%          1
 Magic Dart               Conj           100%       1d8       1%          1
 Corpse Rot               Necr/Air       100%       N/A       1%          2
 Searing Ray              Conj           94%        2d7       1%          2
 Mephitic Cloud           Conj/Pois/Air  58%        N/A       1%          3
 Summon Lightning Spire   Summ/Air       62%        N/A       1%          4
 Frozen Ramparts          Ice            36%        1d5       2%          3
 Inner Flame              Hex/Fire       18%        N/A       2%          3
 Fulminant Prism          Conj/Hex       16%        3d11      2%          4
 Hailstorm                Conj/Ice       33%        3d8       2%          4
 Apportation              Tloc           36%        N/A       3%          1
 Call Imp                 Summ           18%        N/A       4%          2
 Sublimation of Blood     Necr           18%        N/A       4%          2
 Wereblood                Tmut           18%        N/A       4%          2
 Irradiate                Conj/Tmut      16%        3d18      6%          5
 Cause Fear               Hex            9%         N/A       30%         4
 Dispel Undead            Necr           18%        3d11      30%         4
 Alistair's Intoxication  Tmut/Pois      12%        N/A       63%         5
 Summon Forest            Summ/Tloc      9%         N/A       63%         5
 Summon Mana Viper        Hex/Summ       18%        N/A       63%         5
 Death Channel            Necr           9%         N/A       99%         6
 Summon Cactus Giant      Summ           9%         N/A       99%         6
 Dragon Form              Tmut           9%         N/A       100%        7
 Summon Hydra             Summ           9%         N/A       100%        7
 Discord                  Hex            9%         N/A       100%        8
 Dragon's Call            Summ           9%         N/A       100%        9


Dungeon Overview and Level Annotations

Branches:
Dungeon (15/15)            Temple (0/1) D:4            Lair (6/6) D:9
  Swamp (0/4) Lair:4        Snake (1/4) Lair:3        Slime (0/5) Lair:6
    Orc (2/2) D:9             Elf (0/3) Orc:2        Vaults (0/5) D:14
 Depths (0/4) D:15        Ossuary (visited)

Altars:
Gozag
Hepliaklqana
Kikubaaqudgha
Qazlal
Trog
Uskayaw
Vehumet
Xom
The Shining One
Beogh

Shops:
D:2 [   D:14 [   Orc:2 ??*?

Annotations:
D:4 1 runed translucent door, Crownlay's ghost, novice GrEE
D:5 3 runed translucent doors, EtherCrawl's ghost, novice OpBe; tstbtto's ghost, novice DjBe
D:6 3 runed translucent doors, TheNamelessOne's ghost, novice OpDe
D:10 1 runed translucent door, qborf's ghost, journeyman VSFi
D:11 1 runed translucent door
Snake:1 1 runed translucent door


Innate Abilities, Weirdness & Mutations

You have a beak for a mouth.
You have claws for feet.
Your magical nature lets you fly swiftly and evasively.


Message History

* * * LOW HITPOINT WARNING * * *
The anaconda bites you but does no damage.
The anaconda constricts you.
* * * LOW HITPOINT WARNING * * *
You escape the anaconda's grasp.
The anaconda closely misses you. The anaconda barely misses you.
You block the anaconda's attack. x2
Aim: an anaconda (lightly wounded, 40% to hit)
You hear a mighty clap of thunder!
The bolt of lightning hits the anaconda!!!
The bolt of lightning hits the naga!!!
You kill the naga!
Vehumet accepts your kill.
You hear an angry hiss. x2; You hear a shout!
The anaconda grabs you. The anaconda bites you.
* * * LOW HITPOINT WARNING * * *
The anaconda constricts you.
* * * LOW HITPOINT WARNING * * *
You escape the anaconda's grasp.
Aim: an anaconda (severely wounded, 40% to hit)
That beam is likely to hit you.
Continue anyway?
Okay, then.
You block the anaconda's attack. The anaconda completely misses you.
Aim: an anaconda (severely wounded, 40% to hit)
You hear a mighty clap of thunder!
The bolt of lightning hits the anaconda!!!
You kill the anaconda!
Vehumet accepts your kill.
You feel your power returning.
The bolt of lightning misses the black mamba. x2
You block the anaconda's attack.
The anaconda bites you but does no damage.
You block the anaconda's attack. x2
You hear a mighty clap of thunder!
The bolt of lightning misses the black mamba.
The bolt of lightning hits the mana viper!
The bolt of lightning misses the mana viper.
The bolt of lightning hits the black mamba!
You hear an angry hiss. x2
You block the anaconda's attack. The anaconda bites you!
* * * LOW HITPOINT WARNING * * *
You block the black mamba's attack.
As you read the scroll of teleportation, it crumbles to dust.
You feel strangely unstable. You block the anaconda's attack.
The anaconda bites you!
* * * LOW HITPOINT WARNING * * *
The black mamba barely misses you. You block the mana viper's attack.
The anaconda completely misses you.
The anaconda bites you but does no damage.
The mana viper bites you!
You die...

........# ##.....#S....
........#### ##.)....#.....
.......##..### ###.N.....#.....
.#######.....#####.#.......#.....
## #####.........................
####...............#########.....
...[.............†## ##....
...#####.......SSS# #.... ####
#........@.# ##### #..........#
#......##### #....)... ##########


You could see an anaconda, a mana viper, a black mamba and a naga.

Vanquished Creatures
  Rupert (Lair:4)
  Frances (D:12)
  Gastronok (D:11)
  2 orc warlords (Orc:1)
  A dire elephant (D:15)
  Josephine (D:12)
  Fannar (D:12)
  A rakshasa (D:15)
  7 hydras
  A naga warrior (Snake:1)
  8 vault guards (D:14)
  4 catoblepae
  A boulder beetle (D:12)
  A death knight (D:12)
  3 centaur warriors
  5 two-headed ogres
  2 anacondas (Snake:1)
  17 death yaks
  4 orc high priests
  A shock serpent (Lair:3)
  A naga sharpshooter (Snake:1)
  Sonja (Lair:4)
  Urug (Lair:6)
  8 skeletal warriors
  A bog body (Lair:4)
  3 deep trolls (D:7)
  3 naga ritualists (Snake:1)
  6 orc knights
  2 phantasmal warriors
  2 mana vipers (Snake:1)
  A harpy (shapeshifter) (D:14)
  5 cyclopes
  3 deep elf pyromancers
  A wolf spider (D:15)
  7 orc sorcerers
  15 ugly things
  A salamander (D:15)
  16 black mambas
  6 manticores
  2 black mambas (shapeshifter)
  2 naga magi (Snake:1)
  13 cane toads
  14 komodo dragons
  A gargoyle (D:11)
  An unseen horror (D:10)
  4 rime drakes
  Psyche (D:10)
  3 tengu conjurers
  An entropy weaver simulacrum (D:14)
  2 freezing wraiths (D:12)
  A kobold demonologist (D:11)
  2 polar bears
  A merfolk (D:15)
  2 trolls
  Grinder (D:4)
  A raiju (D:5)
  5 slime creatures
  A meliai (shapeshifter) (D:14)
  A hornet (D:11)
  12 blink frogs
  3 shadows
  A centaur simulacrum (D:11)
  A wyvern (D:7)
  A vampire (D:12)
  9 wraiths
  4 basilisks
  56 yaks
  A steam dragon (D:4)
  4 vampire mosquitoes
  2 minotaur simulacra (D:14)
  Edmund (D:5)
  5 nagas (Snake:1)
  3 wargs
  An acid dragon (D:9)
  15 water moccasins
  An alligator simulacrum (D:14)
  35 orc warriors
  3 sky beasts
  2 black bears
  2 necrophages
  8 wolves
  6 ogres
  16 centaurs
  A phantom (D:5)
  8 kobold brigands
  3 gnoll sergeants
  11 bullfrogs
  A wyvern zombie (D:5)
  2 deep troll simulacra (D:14)
  2 scorpions
  A wyvern skeleton (D:3)
  A water moccasin skeleton (D:4)
  2 lindwurm simulacra (D:14)
  7 wights
  3 electric eels (D:9)
  7 howler monkeys
  2 bullfrog zombies
  5 centaur zombies
  A jelly (D:5)
  24 orc priests
  6 hounds
  A bullfrog skeleton (D:5)
  15 orc wizards
  A scorpion zombie (D:5)
  2 iguanas
  3 hound skeletons (D:5)
  11 gnolls
  4 adders
  3 white imps
  An ufetubus (D:6)
  An adder skeleton (D:4)
  2 worms
  5 dart slugs (D:1)
  56 orcs
  A bat (D:2)
  4 endoplasms
  3 giant cockroaches
  8 goblins
  6 hobgoblins
  13 jackals
  19 kobolds
  A quokka (D:4)
  4 ball pythons
  2 ball python skeletons (Ossuary)
  A hobgoblin skeleton (Ossuary)
  A kobold zombie (Ossuary)
  An orc skeleton (Ossuary)
  2 orc zombies (Ossuary)
  7 rats
  A spectral kobold (D:14)
  A fire vortex (D:14)
664 creatures vanquished.

Vanquished Creatures (others)
  30 fungi
  71 plants
101 creatures vanquished.

Grand Total: 765 creatures vanquished

Notes
Turn   | Place    | Note
-------+----------+-------------------------------------------
     0 | D:1      | vurker the Tengu Air Elementalist began the quest for the
                  | Orb.
     0 | D:1      | Reached XP level 1. HP: 10/10 MP: 4/4
    44 | D:1      | Found a faded altar of an unknown god.
   112 | D:1      | Reached XP level 2. HP: 15/15 MP: 1/6
   720 | D:1      | Reached XP level 3. HP: 17/20 MP: 1/7
   728 | D:1      | HP: 1/20 [dart slug (1)]
  1400 | D:2      | Reached skill level 1 in Fighting
  1537 | D:2      | Reached XP level 4. HP: 25/25 MP: 4/9
  1717 | D:2      | Reached skill level 5 in Air Magic
  1902 | D:2      | Found Wohuhuv's Antique Armour Shoppe.
  2454 | D:3      | Found a radiant altar of Vehumet.
  2516 | D:3      | Became a worshipper of Vehumet
  2786 | D:3      | Gained mutation: Your magical nature lets you fly swiftly
                  | and evasively. [Tengu growth]
  2786 | D:3      | Reached XP level 5. HP: 29/29 MP: 4/10
  2864 | D:3      | Found a shimmering altar of Xom.
  3014 | D:3      | Found a glowing golden altar of the Shining One.
  3599 | D:4      | Reached XP level 6. HP: 35/35 MP: 1/12
  3725 | D:4      | Reached skill level 6 in Air Magic
  3730 | D:4      | Learned a level 4 spell: Airstrike
  4166 | D:4      | Noticed Grinder
  4252 | D:4      | Reached XP level 7. HP: 40/40 MP: 6/14
  4509 | D:4      | You are sucked into a shaft and drop 2 floors!
  4579 | D:6      | Reached skill level 7 in Air Magic
  4936 | D:6      | Found a runed translucent gate.
  4937 | D:6      | Found a runed translucent gate.
  4937 | D:6      | Noticed TheNamelessOne's ghost (novice OpDe)
  4938 | D:6      | Found a runed translucent gate.
  5034 | D:6      | Noticed a troll
  5425 | D:7      | Reached * piety under Vehumet
  5425 | D:7      | Offered knowledge of Freeze by Vehumet.
  5462 | D:7      | Reached skill level 5 in Spellcasting
  5636 | D:6      | Found an ancient bone altar of Kikubaaqudgha.
  5790 | D:6      | Reached XP level 8. HP: 21/46 MP: 7/16
  5841 | D:5      | Entered Level 5 of the Dungeon
  6110 | D:5      | Reached skill level 8 in Air Magic
  6213 | D:5      | Found a runed translucent gate.
  6213 | D:5      | Found a runed translucent gate.
  6215 | D:5      | Found a runed translucent gate.
  6217 | D:5      | Noticed EtherCrawl's ghost (novice OpBe)
  6217 | D:5      | Noticed tstbtto's ghost (novice DjBe)
  6256 | D:5      | Reached skill level 5 in Conjurations
  6418 | D:5      | Found a sand-covered staircase.
  6423 | Ossuary  | Entered an ossuary
  6756 | Ossuary  | Noticed a wraith
  6756 | Ossuary  | Noticed a flying skull
  6763 | Ossuary  | Noticed a flying skull
  6888 | Ossuary  | Noticed a flying skull
  6895 | Ossuary  | Noticed a wraith
  6899 | Ossuary  | Killed a wraith
  7005 | Ossuary  | Noticed a flying skull
  7013 | Ossuary  | Noticed a wraith
  7017 | Ossuary  | Killed a wraith
  7018 | Ossuary  | Reached skill level 9 in Air Magic
  7530 | D:5      | Noticed Edmund
  7546 | D:5      | Killed Edmund
  7547 | D:5      | Reached XP level 9. HP: 52/52 MP: 0/19
  7768 | D:5      | Found a stormy altar of Qazlal.
  8166 | D:4      | Found a staircase to the Ecumenical Temple.
  8190 | D:4      | Paralysed by Grinder for 5 turns
  8195 | D:4      | Killed Grinder
  8196 | D:4      | Reached skill level 10 in Air Magic
  8441 | D:4      | Found a runed translucent door.
  8441 | D:4      | Noticed Crownlay's ghost (novice GrEE)
  8821 | D:5      | Reached ** piety under Vehumet
  8821 | D:5      | Offered knowledge of Scorch by Vehumet.
  8852 | D:5      | Reached skill level 5 in Fighting
  9356 | D:5      | a troll changed into a raiju
 10213 | D:6      | Found an ancient bone altar of Kikubaaqudgha.
 10524 | D:7      | Reached skill level 11 in Air Magic
 10862 | D:7      | Noticed a deep troll
 10863 | D:7      | Noticed a deep troll
 10863 | D:7      | Noticed a deep troll
 10869 | D:7      | Killed a deep troll
 10870 | D:7      | Reached XP level 10. HP: 60/60 MP: 2/23
 10994 | D:7      | Killed a deep troll
 10995 | D:7      | Reached skill level 12 in Air Magic
 11230 | D:7      | Killed a deep troll
 11891 | D:7      | Found the necklace of Bloodlust {*Rage Will++ Int-3 Slay+6}
 13180 | D:9      | Found a staircase to the Orcish Mines.
 13203 | D:9      | Offered knowledge of Ignite Poison by Vehumet.
 13205 | D:9      | Reached skill level 13 in Air Magic
 13233 | D:9      | Found a bloodstained altar of Trog.
 13489 | D:9      | Reached *** piety under Vehumet
 13505 | D:9      | Reached XP level 11. HP: 67/67 MP: 2/25
 13762 | D:9      | Found a staircase to the Lair.
 14228 | D:10     | Entered Level 10 of the Dungeon
 14257 | D:10     | Noticed a two-headed ogre
 14261 | D:10     | Killed a two-headed ogre
 14262 | D:10     | Reached skill level 10 in Spellcasting
 14262 | D:10     | Reached skill level 14 in Air Magic
 14348 | D:10     | Noticed Psyche
 14349 | D:10     | Paralysed by Psyche for 2 turns
 14352 | D:10     | Killed Psyche
 14374 | D:10     | Offered knowledge of Sticky Flame by Vehumet.
 14713 | D:10     | Found the +8 lance "Wyrmbane" {slay drac, rPois rF+ rC+
                  | AC+3}
 14854 | D:10     | Noticed a two-headed ogre
 14860 | D:10     | Killed a two-headed ogre
 14994 | D:10     | Found a runed translucent door.
 15254 | D:10     | Noticed qborf's ghost (journeyman VSFi)
 15336 | D:11     | Noticed a five-headed hydra
 15341 | D:11     | Killed a five-headed hydra
 15398 | D:11     | Noticed Gastronok
 15406 | D:11     | Killed Gastronok
 15407 | D:11     | Reached skill level 15 in Air Magic
 15734 | D:11     | Noticed a cyclops
 15751 | D:11     | Killed a cyclops
 15829 | D:11     | Reached XP level 12. HP: 74/74 MP: 18/28
 15873 | D:11     | Found a runed translucent door.
 16419 | D:11     | Noticed a centaur warrior
 16432 | D:11     | Killed a centaur warrior
 16558 | D:11     | Reached **** piety under Vehumet
 16559 | D:11     | Reached skill level 16 in Air Magic
 17198 | D:11     | Identified the +3 quarterstaff "Funkeil" {protect, rF++}
 17368 | D:11     | Noticed an eight-headed hydra
 17372 | D:11     | Killed an eight-headed hydra
 17544 | Lair:1   | Entered Level 1 of the Lair of Beasts
 17704 | Lair:1   | Offered knowledge of Mephitic Cloud by Vehumet.
 18212 | Lair:1   | Learned a level 5 spell: Lightning Bolt
 19142 | Lair:2   | Noticed a four-headed hydra
 19146 | Lair:2   | Killed a four-headed hydra
 19147 | Lair:2   | Reached skill level 17 in Air Magic
 19727 | Lair:2   | Noticed an eight-headed hydra
 19732 | Lair:2   | Killed an eight-headed hydra
 20013 | Lair:3   | Noticed a six-headed hydra
 20017 | Lair:3   | Killed a six-headed hydra
 20018 | Lair:3   | Reached skill level 1 in Shields
 20018 | Lair:3   | Reached XP level 13. HP: 80/80 MP: 17/30
 20726 | Lair:3   | Identified the +0 chain mail "Nukuol" {rElec}
 20765 | Lair:3   | Found a staircase to the Snake Pit.
 21401 | Lair:4   | Reached skill level 18 in Air Magic
 21576 | Lair:4   | Reached skill level 10 in Fighting
 21647 | Lair:4   | Found a staircase to the Swamp.
 21649 | Lair:4   | Noticed Rupert
 21694 | Lair:4   | Killed Rupert
 22015 | Lair:4   | Noticed Sonja
 22018 | Lair:4   | Killed Sonja
 22628 | Lair:4   | Reached XP level 14. HP: 88/88 MP: 20/32
 22673 | Lair:4   | Reached skill level 19 in Air Magic
 22980 | Lair:4   | Reached ***** piety under Vehumet
 23176 | Lair:5   | Offered knowledge of Yara's Violent Unravelling by Vehumet.
 24354 | Lair:6   | Entered Level 6 of the Lair of Beasts
 24628 | Lair:6   | Noticed Urug
 24632 | Lair:6   | Killed Urug
 25175 | Lair:6   | Found a staircase to the Slime Pits.
 25414 | Lair:6   | Reached skill level 20 in Air Magic
 26213 | Lair:6   | Identified the amulet "Mekheov" {Reflect Fragile rC++ SH+5}
 26413 | Orc:1    | Entered Level 1 of the Orcish Mines
 26525 | Orc:1    | Noticed an orc warlord
 26541 | Orc:1    | Killed an orc warlord
 26824 | Orc:1    | Reached XP level 15. HP: 95/95 MP: 23/34
 26866 | Orc:1    | Reached skill level 15 in Spellcasting
 26953 | Orc:1    | Offered knowledge of Irradiate by Vehumet.
 27832 | Orc:2    | Entered Level 2 of the Orcish Mines
 28020 | Orc:2    | Noticed an orc warlord
 28226 | Orc:1    | Killed an orc warlord
 28227 | Orc:1    | Reached skill level 21 in Air Magic
 28838 | Orc:2    | Found a staircase to the Elven Halls.
 29647 | Orc:2    | Found Qefah's Magic Scroll Shoppe.
 29647 | Orc:2    | Found Wyivul's Magic Scroll Shoppe.
 29648 | Orc:2    | Found Yblih's Assorted Antiques.
 29648 | Orc:2    | Found Peikeat's Magic Scroll Boutique.
 29759 | Orc:2    | Bought a scroll of fog for 26 gold pieces
 29759 | Orc:2    | Bought a scroll of fear for 45 gold pieces
 29759 | Orc:2    | Bought a scroll of teleportation for 39 gold pieces
 29759 | Orc:2    | Bought a scroll of magic mapping for 45 gold pieces
 29759 | Orc:2    | Bought a scroll of magic mapping for 45 gold pieces
 29759 | Orc:2    | Bought a scroll of fear for 45 gold pieces
 29762 | Orc:2    | Bought a scroll of magic mapping for 94 gold pieces
 29762 | Orc:2    | Bought a fine wooden ring for 135 gold pieces
 29762 | Orc:2    | Identified the ring of Teceulat {MP+9 Dex+6} (You bought it
                  | in a shop on level 2 of the Orcish Mines)
 29773 | Orc:2    | Bought a scroll of blinking for 97 gold pieces
 29773 | Orc:2    | Bought a scroll of teleportation for 39 gold pieces
 29773 | Orc:2    | Bought a scroll of magic mapping for 45 gold pieces
 29773 | Orc:2    | Bought a scroll of teleportation for 39 gold pieces
 29773 | Orc:2    | Bought a scroll of teleportation for 39 gold pieces
 29775 | Orc:2    | Bought a scroll of teleportation for 45 gold pieces
 29775 | Orc:2    | Bought a scroll of teleportation for 45 gold pieces
 29775 | Orc:2    | Bought a scroll of magic mapping for 52 gold pieces
 29775 | Orc:2    | Bought a scroll of teleportation for 45 gold pieces
 30050 | D:12     | Found a hide-covered altar of Uskayaw.
 30074 | D:12     | Noticed Josephine
 30081 | D:12     | Killed Josephine
 30578 | D:12     | Noticed Frances
 30593 | D:12     | Killed Frances
 30699 | D:12     | Offered knowledge of Orb of Destruction by Vehumet.
 30771 | D:12     | Learned a level 7 spell: Orb of Destruction
 30823 | D:12     | Noticed Fannar
 30830 | D:12     | Killed Fannar
 31614 | D:13     | Identified a scroll of acquirement
 31623 | D:13     | Acquired the Collected Works on the Destructive Birds
 31634 | D:13     | Learned a level 8 spell: Maxwell's Capacitive Coupling
 31656 | D:13     | Reached skill level 22 in Air Magic
 31850 | D:13     | Found an opulent altar of Gozag.
 32817 | D:14     | Reached XP level 16. HP: 103/103 MP: 36/37
 33270 | D:14     | Found a hazy altar of Hepliaklqana.
 33319 | D:14     | Found a gate to the Vaults.
 33529 | D:14     | Found Bolo's Antique Armour Shoppe.
 33802 | D:15     | Entered Level 15 of the Dungeon
 34250 | D:15     | Found a staircase to the Depths.
 34715 | D:14     | Reached skill level 23 in Air Magic
 35299 | Snake:1  | Entered Level 1 of the Snake Pit
 36338 | Snake:1  | Found a runed translucent door.
 36899 | Snake:1  | Slain by a mana viper

Illustrated notes

Levels and vault maps discovered:
D:1:      amcnicky_arrival_flooded_fountain, layout_loops_ring,
          dreamdust_ecumenical_altar_statues, minmay_heptomino_h4
D:2:      layout_rooms, serial_shops, nicolae_shop_trees
D:3:      layout_basic, mainiacjoe_overflow_chevrons, general_overflow_altar,
          mainiacjoe_overflow_surrounded_room, serial_glass, glass_columns_b,
          glass_columns_b
D:4:      layout_basic, minmay_temple_entry_enclosed_plants,
          ebering_ghost_reflecting_pool, uniq_grinder
D:5:      layout_basic, nicolae_qazlal_scattered_showers,
          gammafunk_ghost_cemetery, nicolae_ossuary_entry_false_entrances,
          saegor_snake_ambush, uniq_edmund
D:6:      layout_layer_cave, mainiacjoe_overflow_paths,
          biasface_ghost_orc_armoury
D:7:      layout_loops_cross, enter_bailey_4, palyth_stone_intersect,
          chequers_jeans, chequers_serial_rivers_small_b, minmay_misc_feat_chi,
          hellmonk_guarded_unrand_vitality_bloodlust
D:8:      layout_basic
D:9:      layout_long_grid, overflow_temple_1_default, erik_lair_island,
          orc_0_dummy, hangedman_decor_peaks_small
D:10:     layout_loops_cross, gammafunk_ghost_grave, uniq_psyche
D:11:     minmay_the_grid_four_pointed_star
          [minmay_the_grid_triangle_9x9_subtriangle,
          minmay_the_grid_triangle_9x9_negative_grid,
          minmay_the_grid_triangle_9x9_zippers_horizontal,
          minmay_the_grid_triangle_9x9_descending_squares,
          minmay_the_grid_prize_shrinking_boxes], layout_basic,
          wad_rectangle_vault, uniq_gastronok
D:12:     layout_loops_cross, nicolae_uskayaw_murder_on_the_dancefloor,
          uniq_josephine, uniq_frances, uniq_fannar
D:13:     layout_rooms, nicolae_gozag_cash_rules_everything_around_me
D:14:     layout_irregular_city, erik_vaults_2, kennysheep_decorative_pillar,
          serial_shops, shop, portal_ice_cave_entry_ice_simulacra,
          nicolae_hepliaklqana_monster_ancestors
D:15:     hangedman_depths_entry_try_elsewhere_first, layout_cave_pools,
          hangedman_abyss_or_decor_passed
Lair:1:   layout_regular_city, infiniplex_staircase_pool_2,
          serial_bayou_shore_b, grunt_megastairs_4
Lair:2:   layout_cave_pods, grunt_megastairs_2
Lair:3:   layout_loops_ring, minmay_snake_entry_six_corridors
Lair:4:   layout_layer_cave, skrybe_swamp_entry_bodies, st_stairs_10,
          infiniplex_staircase_pool, uniq_sonja, uniq_rupert
Lair:5:   layout_long_grid
Lair:6:   evilmike_catoblepas_cave, layout_gridlike, slime_dummy, uniq_urug
Snake:1:  layout_rooms, basic_altar, ebering_ghost_reflecting_pool,
          grunt_ministairs_11, grunt_megastairs_5, serial_bayou_shore_b
Orc:1:    orc_temple, layout_caves
Orc:2:    st_orc_elflike, layout_diamond_mine

Skill      XL: |  1  2  3  4  5  6  7  8  9 10 11 12 13 14 15 16 |
---------------+-------------------------------------------------+-----
Conjurations   | 2 3 4 5 6 |  6.6
Fighting       | 1 2 3 4 5 7 8 9 10 11 12 13 | 13.1
Air Magic      | 5 6 7 9 11 13 15 17 18 20 22 23 | 23.0
Spellcasting   | 3 4 5 6 8 9 11 12 13 14 16 | 16.9
Shields        | 1 4 |  4.0
Dodging        | 3 |  3.4
Stealth        | |  2.0

Action                   |  1- 3 |  4- 6 |  7- 9 | 10-12 | 13-15 | 16-18 || total
-------------------------+-------+-------+-------+-------+-------+-------++-------
Melee: Short sword       |    19 |     1 |     5 |    12 |       |       ||    37
       Kick              |     6 |       |     3 |     4 |     1 |     1 ||    15
       Peck              |     2 |       |       |     2 |     1 |     1 ||     6
       Lance             |       |       |       |     3 |     5 |     2 ||    10
       Staff             |       |       |       |       |     6 |       ||     6
 Cast: Shock             |    52 |   137 |    63 |    39 |    40 |     4 ||   335
       Airstrike         |       |       |   104 |   313 |   503 |   149 ||  1069
       Lightning Bolt    |       |       |       |     1 |   175 |    59 ||   235
       Maxwell's Capacit |       |       |       |       |     5 |     8 ||    13
Evoke: Wand              |       |       |     4 |    12 |       |     5 ||    21
  Use: Scroll            |       |     6 |     6 |    14 |     9 |     3 ||    38
       Potion            |       |       |       |       |     2 |     1 ||     3
Armor: Robe              |     3 |     5 |     6 |       |    12 |    31 ||    57
       Steam dragon scal |       |       |    10 |    31 |    33 |       ||    74
Dodge: Dodged            |    15 |    13 |    50 |    79 |    95 |    66 ||   318
Block: Buckler           |       |       |       |       |    43 |    42 ||    85

Table legend: (Time is in decaauts)
 A = Elapsed time spent in this place.
 B = Non-inter-level travel time spent in this place.
 C = Inter-level travel time spent in this place.
 D = Time resting spent in this place.
 E = Time spent auto-exploring this place.
 F = Levels seen in this place.
 G = Mean time per level.
                   A        B        C        D        E       F      G
               +--------+--------+--------+--------+--------+-----+--------+
         Total |  35295 |  33776 |   1519 |   2573 |  26527 |  25 | 1411.8 |
       Dungeon |  21465 |  20703 |    762 |   1341 |  16737 |  15 | 1431.0 |
          Lair |   9128 |   8616 |    512 |    996 |   6476 |   6 | 1521.3 |
     Snake Pit |    853 |    853 |      0 |      0 |    669 |   1 |  853.0 |
  Orcish Mines |   3038 |   2794 |    244 |    236 |   1955 |   2 | 1519.0 |
       Ossuary |    809 |    809 |      0 |      0 |    689 |   1 |  809.0 |
               +--------+--------+--------+--------+--------+-----+--------+

Top non-repeatable levels by time:
    D:11: 2325 daAuts
    D:14: 2230 daAuts
     D:5: 2134 daAuts
     D:7: 2033 daAuts
  Lair:3: 2009 daAuts
   Orc:1: 1937 daAuts
  Lair:6: 1757 daAuts
  Lair:4: 1667 daAuts
     D:4: 1548 daAuts
     D:6: 1476 daAuts
  Lair:2: 1425 daAuts
     D:9: 1349 daAuts
     D:1: 1294 daAuts
     D:3: 1202 daAuts
    D:10: 1182 daAuts
